[gd_scene load_steps=10 format=2]

[ext_resource path="res://Assets/PressStart2P.ttf" type="DynamicFontData" id=1]
[ext_resource path="res://Scripts/Créditos.gd" type="Script" id=2]

[sub_resource type="DynamicFont" id=1]
size = 8
font_data = ExtResource( 1 )

[sub_resource type="DynamicFont" id=2]
size = 5
font_data = ExtResource( 1 )

[sub_resource type="DynamicFont" id=3]
size = 8
font_data = ExtResource( 1 )

[sub_resource type="Animation" id=4]
length = 0.001
tracks/0/type = "value"
tracks/0/path = NodePath("Label3:modulate")
tracks/0/interp = 1
tracks/0/loop_wrap = true
tracks/0/imported = false
tracks/0/enabled = true
tracks/0/keys = {
"times": PoolRealArray( 0 ),
"transitions": PoolRealArray( 1 ),
"update": 0,
"values": [ Color( 1, 1, 1, 1 ) ]
}

[sub_resource type="Animation" id=5]
resource_name = "piscar"
length = 1.2
loop = true
step = 0.2
tracks/0/type = "value"
tracks/0/path = NodePath("Label3:modulate")
tracks/0/interp = 1
tracks/0/loop_wrap = true
tracks/0/imported = false
tracks/0/enabled = true
tracks/0/keys = {
"times": PoolRealArray( 0, 0.6, 1.2 ),
"transitions": PoolRealArray( 1, 1, 1 ),
"update": 0,
"values": [ Color( 1, 1, 1, 1 ), Color( 1, 1, 1, 0 ), Color( 1, 1, 1, 1 ) ]
}

[sub_resource type="Animation" id=6]
resource_name = "RESET"
tracks/0/type = "value"
tracks/0/path = NodePath("ColorRect:modulate")
tracks/0/interp = 1
tracks/0/loop_wrap = true
tracks/0/imported = false
tracks/0/enabled = true
tracks/0/keys = {
"times": PoolRealArray( 0 ),
"transitions": PoolRealArray( 1 ),
"update": 0,
"values": [ Color( 1, 1, 1, 0 ) ]
}

[sub_resource type="Animation" id=7]
resource_name = "dissolve"
length = 1.2
tracks/0/type = "value"
tracks/0/path = NodePath("ColorRect:modulate")
tracks/0/interp = 1
tracks/0/loop_wrap = true
tracks/0/imported = false
tracks/0/enabled = true
tracks/0/keys = {
"times": PoolRealArray( 0, 1.2 ),
"transitions": PoolRealArray( 1, 1 ),
"update": 0,
"values": [ Color( 1, 1, 1, 0 ), Color( 1, 1, 1, 1 ) ]
}

[node name="Créditos" type="Node2D"]
script = ExtResource( 2 )

[node name="ColorRect" type="ColorRect" parent="."]
margin_left = -4.0
margin_top = -3.0
margin_right = 245.0
margin_bottom = 144.0
color = Color( 0, 0, 0, 1 )

[node name="Camera2D" type="Camera2D" parent="."]
position = Vector2( -4, -3 )
anchor_mode = 0
current = true
zoom = Vector2( 0.5, 0.5 )

[node name="Label" type="Label" parent="."]
margin_left = -2.0
margin_top = 8.0
margin_right = 235.0
margin_bottom = 22.0
custom_colors/font_color = Color( 0.898039, 0.635294, 0, 1 )
custom_colors/font_outline_modulate = Color( 0.898039, 0.635294, 0, 1 )
custom_fonts/font = SubResource( 1 )
text = "Game Credits"
align = 1
valign = 1

[node name="Label2" type="Label" parent="."]
margin_left = -2.0
margin_top = 6.0
margin_right = 234.0
margin_bottom = 102.0
custom_fonts/font = SubResource( 2 )
text = "Game produced by Creative Solutions

Daniel Faiad - Game Designer & Artist
Miguel Soares - Programmer
João Valério - Programmer"
align = 1
valign = 1

[node name="Label3" type="Label" parent="."]
margin_left = -1.0
margin_top = 91.0
margin_right = 346.0
margin_bottom = 120.0
rect_scale = Vector2( 0.7, 0.7 )
custom_colors/font_color = Color( 1, 1, 1, 1 )
custom_colors/font_outline_modulate = Color( 1, 1, 1, 1 )
custom_colors/font_color_shadow = Color( 0, 0, 0, 1 )
custom_fonts/font = SubResource( 3 )
text = "Press any key"
align = 1
valign = 1

[node name="anim" type="AnimationPlayer" parent="."]
autoplay = "piscar"
anims/RESET = SubResource( 4 )
anims/piscar = SubResource( 5 )

[node name="Timer" type="Timer" parent="."]
wait_time = 0.1
autostart = true

[node name="CanvasLayer" type="CanvasLayer" parent="."]

[node name="ColorRect" type="ColorRect" parent="CanvasLayer"]
modulate = Color( 1, 1, 1, 0 )
anchor_right = 1.0
anchor_bottom = 1.0
color = Color( 0.027451, 0, 0, 1 )

[node name="anime" type="AnimationPlayer" parent="CanvasLayer"]
anims/RESET = SubResource( 6 )
anims/dissolve = SubResource( 7 )

[connection signal="timeout" from="Timer" to="." method="_on_Timer_timeout"]
